AoeStats
← Diomedes 2775

Arena

506039140Analyzed
3v3 RM · 19d ago on Sep 12, 2026· 74m 1s· 6 players
Game mode
Random Map
Map size
Normal (6 player)
Population
200
Speed
Normal
Resources
Standard
Victory
Conquest
Starting age
Dark Age
Ending age
Imperial Age
RankedLock teamsTeams togetherTeam positionsShared explorationLock speedFull tech treeHidden civsTurbo modeCheats
Victory
Defeat
🇦🇺 Wei · Australia
948
+14
🇮🇳 Franks · India
911
+15
🇺🇸 Bohemians · United States
871
+17
🇺🇸 Gurjaras · United States
976
-19
🇺🇸 Japanese · United States
855
-14
🇺🇸 Franks · United States
842
-13
nini1294
10:47 Feudal Age
15:29 Castle Age
13:52 Double-Bit Axe
18:06 Loom
20:03 Wheelbarrow
23:03 Town Watch
25:24 Forging
25:50 Husbandry
25:58 Scale Barding Armor
27:38 Hand Cart
29:55 Imperial Age
28:17 Iron Casting
28:18 Stone Mining
28:21 Gold Mining
28:46 Bow Saw
30:28 Gold Shaft Mining
30:46 Masonry
30:34 Cavalier
31:21 Capped Ram
32:39 Conscription
33:44 Blast Furnace
33:05 Chain Barding Armor
35:10 Paladin
35:55 Fletching
37:10 Architecture
37:18 Hoardings
39:01 Plate Barding Armor
38:23 Man-at-Arms
39:04 Squires
38:28 Pikeman
40:29 Murder Holes
40:55 Gambesons
40:57 Arson
41:33 Halberdier
42:17 Scale Mail Armor
44:22 Chemistry
45:00 Chivalry
45:36 Chain Mail Armor
47:51 Plate Mail Armor
51:53 Caravan
55:16 Padded Archer Armor
57:31 Leather Archer Armor
58:55 Siege Engineers
Kevatafl
8:24 Feudal Age
18:12 Double-Bit Axe
18:09 Horse Collar
20:35 Castle Age
21:37 Bow Saw
23:23 Wheelbarrow
23:42 Pikeman
26:27 Hand Cart
28:28 Chemistry
32:04 Imperial Age
29:37 Scale Mail Armor
30:26 Ballistics
30:21 Forging
30:37 Heavy Plow
30:59 Chain Mail Armor
30:56 Squires
32:11 Iron Casting
32:31 Fletching
32:34 Town Watch
33:07 Halberdier
37:04 Conscription
36:53 Wagenburg Tactics
38:37 Hussite Reforms
38:20 Loom
39:12 Plate Mail Armor
39:01 Arson
40:20 Blast Furnace
42:21 Houfnice
43:03 Bodkin Arrow
43:48 Masonry
43:37 Murder Holes
43:22 Treadmill Crane
48:46 Bracer
48:47 Padded Archer Armor
55:16 Guilds
55:26 Leather Archer Armor
57:43 Elite Hussite Wagon
Seen Bean
10:59 Feudal Age
11:21 Horse Collar
11:30 Double-Bit Axe
11:47 Gold Mining
12:56 Stone Mining
15:52 Wheelbarrow
18:50 Castle Age
18:36 Loom
19:00 Scale Mail Armor
20:22 Scale Barding Armor
25:09 Forging
25:33 Chain Barding Armor
26:38 Fletching
29:17 Iron Casting
30:44 Heavy Plow
31:41 Bow Saw
34:21 Gold Shaft Mining
37:20 Imperial Age
37:00 Bodkin Arrow
38:12 Bracer
38:58 Ming Guang Armor
44:40 Blast Furnace
45:33 Elite Tiger Cavalry
47:21 Hand Cart
54:58 Town Watch
59:38 Hoardings
66:34 Caravan
72:44 Coinage
Diomedes 2775
12:40 Feudal Age
17:30 Castle Age
16:21 Double-Bit Axe
16:21 Horse Collar
24:38 Fletching
24:48 Padded Archer Armor
26:55 Scale Mail Armor
29:46 Arson
30:57 Bodkin Arrow
31:15 Forging
32:07 Loom
33:39 Chain Mail Armor
41:19 Imperial Age
39:02 Elite Skirmisher
llConnachtll
2:23 Loom
4:08 Loom
10:35 Feudal Age
11:07 Double-Bit Axe
12:02 Wheelbarrow
19:47 Castle Age
19:43 Forging
19:39 Scale Barding Armor
23:23 Chain Barding Armor
24:20 Town Watch
31:37 Hand Cart
35:29 Imperial Age
33:31 Fletching
34:25 Husbandry
36:19 Iron Casting
36:06 Cavalier
37:46 Paladin
39:45 Ballistics
43:21 Blast Furnace
42:22 Scale Mail Armor
44:49 #83
45:02 Chain Mail Armor
47:00 Chemistry
49:35 Plate Mail Armor
50:37 Elite Throwing Axeman
55:15 Caravan
55:22 Caravan
55:28 Light Cavalry
61:33 Bodkin Arrow
Sanguinius7193
0:37 Loom
2:11 Loom
10:42 Feudal Age
15:20 Castle Age
13:50 Horse Collar
14:00 Double-Bit Axe
21:18 Forging
23:08 Heavy Plow
23:20 Bow Saw
24:03 Wheelbarrow
23:15 Town Watch
23:26 Gold Mining
23:27 Stone Mining
25:34 Hand Cart
27:56 Gold Shaft Mining
27:59 Stone Shaft Mining
31:21 Imperial Age
29:49 Scale Barding Armor
30:21 Iron Casting
31:32 Fletching
32:06 Chain Barding Armor
31:28 Heavy Camel Rider
32:20 Bloodlines
34:08 Plate Barding Armor
35:23 Bodkin Arrow
35:59 Elite Chakram Thrower
37:03 Bracer
37:04 Scale Mail Armor
37:42 Frontier Guards
39:02 Conscription
40:15 Chemistry
39:36 Ballistics
41:11 Chain Mail Armor
43:11 Fortified Wall
43:14 Masonry
45:41 Crop Rotation
51:54 Husbandry
52:31 Plate Mail Armor
55:37 Caravan
61:24 Light Cavalry
Connection lost

Rejoining the realm…

Still unreachable

The connection could not be restored.

Session expired

The server has moved on; the page needs a fresh start.